 Dungeon Crawl Stone Soup version 0.26-a0-812-g31a745ddcd (webtiles) character file.

Game seed: 5247464713082816320

212798 Riddle the Peltast (level 18, -1/158 HPs)
             Began as a Grey Draconian Monk on Nov 14, 2020.
             Was the Champion of Hepliaklqana.
             Slain by a merfolk impaler
             ... wielding a +3 trident of venom
              (20 damage)
             ... on level 4 of the Shoals.
             The game lasted 01:18:51 (39222 turns).

Riddle the Peltast (Grey Draconian Monk)           Turns: 39222, Time: 01:18:52

Health: -1/158     AC: 25    Str: 21    XL:     18   Next: 25%
Magic:  9/9        EV: 17    Int: 12    God:    Hepliaklqana [******]
Gold:   2241       SH: 31    Dex: 27    Spells: 17/17 levels left

rFire    . . .     SeeInvis +   F - +11 spear of Ru's Esteem {flame, MP-9 Str+4 Dex+6 Stlth+}
rCold    + . .     Faith    .   n - +3 tower shield
rNeg     + + .     Spirit   .   (armour unavailable)
rPois    +         Reflect  +   M - +1 hat of the Barracuda {Rampage rElec Dex-3 SInv}
rElec    +         Harm     .   s - +2 cloak of Wu Jian's Envy {rElec Str+4 Stlth-}
rCorr    .         Rampage  +   B - +2 pair of gloves {Dex+3}
MR       ++...                  Y - +2 pair of boots {rampage}
Stlth    ++++......             e - amulet of reflection
HPRegen  0.36/turn              d - ring "Otaodax" {*Drain rC+ rN++ MR+ Stlth+}
MPRegen  0.11/turn              L - ring of poison resistance

@: no status effects
A: walk through water, unfitting armour, reduced essence, unbreathing,
cold-blooded, AC +15
}: 1/15 runes: decaying
a: Recall Ancestor, Ancestor Identity, Transference, Idealise, Renounce Religion


You were on level 4 of the Shoals.
You worshipped Hepliaklqana.
Hepliaklqana was exalted by your worship.
You visited 7 branches of the dungeon, and saw 34 of its levels.
You also visited: Ossuary, Gauntlet and Volcano.

You collected 4446 gold pieces.
You spent 2205 gold pieces at shops.

Inventory:

Hand Weapons
 F - the +11 spear of Ru's Esteem (weapon) {flame, MP-9 Str+4 Dex+6 Stlth+}
   (You found it on level 5 of the Dungeon)

   It has been specially enchanted to burn those struck by it, causing extra
   injury to most foes and up to half again as much damage against particularly
   susceptible opponents.
   It affects your strength (+4).
   It affects your dexterity (+6).
   It affects your magic capacity (-9).
   It makes you more stealthy.
 U - a +2 vampiric trident
Armour
 n - a +3 tower shield (worn)
 s - the +2 cloak of Wu Jian's Envy (worn) {rElec Str+4 Stlth-}
   (You found it on level 4 of the Lair of Beasts)

   It affects your strength (+4).
   It insulates you from electricity.
   It makes you less stealthy.
 B - a +2 pair of gloves of dexterity (worn)
 M - the +1 hat of the Barracuda (worn) {Rampage rElec Dex-3 SInv}
   (You found it in a volcano)

   It affects your dexterity (-3).
   It insulates you from electricity.
   It lets you see invisible.
   It bestows one free step when moving towards enemies.
 Y - a +2 pair of boots of rampaging (worn)
Jewellery
 d - the ring "Otaodax" (left hand) {*Drain rC+ rN++ MR+ Stlth+}
   (You found it in a Gauntlet)

   [ring of protection from magic]

   It protects you from cold.
   It greatly protects you from negative energy.
   It affects your resistance to hostile enchantments.
   It causes draining when unequipped.
   It makes you more stealthy.
 e - an amulet of reflection (around neck)
 C - an uncursed ring of positive energy
 I - an uncursed ring of protection from cold
 L - a ring of poison resistance (right hand)
Wands
 c - a wand of acid (8)
 o - a wand of polymorph (24)
 v - a wand of paralysis (27)
 G - a wand of iceblast (20)
 K - a wand of flame (45)
Scrolls
 g - 14 scrolls of identify
 i - 13 scrolls of remove curse
 k - 7 scrolls of fear
 l - 5 scrolls of blinking
 q - 9 scrolls of teleportation
 R - 6 scrolls of fog
 S - a scroll of holy word
 V - a scroll of summoning
 W - 3 scrolls of magic mapping
 X - a scroll of enchant weapon
 Z - a scroll of brand weapon
Potions
 b - 6 potions of haste
 h - 14 potions of curing
 j - 7 potions of ambrosia
 m - 8 potions of berserk rage
 p - a potion of cancellation
 t - 7 potions of flight
 u - 5 potions of lignification
 z - 8 potions of brilliance
 A - 3 potions of attraction
 E - 5 potions of might
 H - 4 potions of invisibility
 N - 4 potions of heal wounds
 P - 3 potions of magic
Miscellaneous
 x - a box of beasts


   Skills:
 + Level 19.5 Fighting
   Level 3.0 Long Blades
   Level 7.7 Maces & Flails
 + Level 17.2 Polearms
 - Level 5.7 Dodging
 - Level 1.7 Stealth
 + Level 19.7 Shields


You had 17 spell levels left.
You didn't know any spells.
Your spell library contained the following spells:

 Spells                   Type           Power        Failure   Level
 Animate Skeleton         Necr           #.....       54%         1
 Apportation              Tloc           #.....       54%         1
 Beastly Appendage        Tmut           #.....       54%         1
 Corona                   Hex            #......      54%         1
 Shock                    Conj/Air       #...         54%         1
 Summon Small Mammal      Summ           #...         54%         1
 Poisonous Vapours        Pois/Air       #.....       67%         2
 Swiftness                Air            #.......     67%         2
 Wereblood                Tmut           #.......     67%         2
 Confusing Touch          Hex            #.......     88%         3
 Conjure Flame            Conj/Fire      #.......     88%         3
 Gell's Gravitas          Tloc           #.........   88%         3
 Ignite Poison            Fire/Tmut/Pois #.......     88%         3
 Mephitic Cloud           Conj/Pois/Air  #.......     88%         3
 Spider Form              Tmut/Pois      #.........   88%         3
 Static Discharge         Conj/Air       #.......     88%         3
 Airstrike                Air            #.........   99%         4
 Ice Form                 Ice/Tmut       #.......     99%         4
 Petrify                  Tmut/Erth      #.......     99%         4
 Blade Hands              Tmut           #.........   100%        5
 Fireball                 Conj/Fire      #.........   100%        5
 Lightning Bolt           Conj/Air       #.........   100%        5
 Metabolic Englaciation   Hex/Ice        #.........   100%        5
 Yara's Violent Unravell  Hex/Tmut       #.........   100%        5
 Freezing Cloud           Conj/Ice/Air   #.........   100%        6
 Starburst                Conj/Fire      #.........   100%        6
 Malign Gateway           Summ/Tloc      #.........   100%        7
 Monstrous Menagerie      Summ           #.........   100%        7
 Summon Greater Demon     Summ           #.........   100%        7
 Ignition                 Fire           #.........   100%        8
 Summon Horrible Things   Summ           #.........   100%        8


Dungeon Overview and Level Annotations

Branches:
Dungeon (15/15)            Temple (1/1) D:6            Lair (6/6) D:9
  Swamp (4/4) Lair:3       Shoals (4/4) Lair:2        Slime (0/5) Lair:6
    Orc (2/2) D:12            Elf (0/3) Orc:2        Vaults (0/5) D:14
 Depths (2/5) D:15        Ossuary (visited)         Volcano (visited)
Gauntlet (visited)

Altars:
Ashenzari
Cheibriados
Dithmenos
Elyvilon
Fedhas
Gozag
Hepliaklqana
Kikubaaqudgha
Makhleb
Nemelex Xobeh
Okawaru
Qazlal
Ru
Sif Muna
Trog
Uskayaw
Vehumet
Wu Jian
Xom
Yredelemnul
Zin
The Shining One

Shops:
D:14 (   Orc:1 *   Orc:2 :}!(*   Shoals:2 *

Portals:
Hell: Depths:1
Abyss: Depths:1
Ziggurat: Depths:2

Annotations:
D:10 1 runed translucent door, 2 transporters
D:12 1 runed translucent door, 1994's ghost, journeyman OgBr
D:13 2 transporters, Gouf's ghost, journeyman SpEn


Innate Abilities, Weirdness & Mutations

You can walk through water.
Your dull iron-grey scales are very hard. (AC +15)
You cannot fit into any form of body armour.
You can survive without breathing.
You are cold-blooded and may be slowed by cold attacks.
Your life essence is reduced to manifest your ancestor. (-10% HP)


Message History

The javelin barely misses you.
You hear a splash.
The water nymph points at you and mumbles some strange words.
The water swirls and strikes you!
* * * LOW HITPOINT WARNING * * *
You block the merfolk impaler's attack. The merfolk impaler barely misses you.
Unknown command.
You feel much better. You block the harpy's attack. x3
The harpy claws you but does no damage.
The merfolk javelineer throws a javelin.
The javelin pierces through you but does no damage.
You hear a splash.
The merfolk impaler hits you from afar with a +0 trident!!
* * * LOW HITPOINT WARNING * * *
The merfolk javelineer throws a javelin.
The javelin barely misses you.
You hear a splash.
You block the harpy's attack. The harpy misses you.
The merfolk impaler hits you from afar with a +3 trident of venom!!
You die...

≈≈≈≈≈≈≈≈≈≈≈≈≈≈#
≈≈≈≈≈≈≈≈≈≈≈≈≈≈# ≈≈≈≈≈≈≈≈≈≈
....(≈≈≈≈≈≈≈# ≈≈≈≈≈≈≈≈≈≈≈≈≈≈
.....≈≈≈≈≈≈#
≈≈≈≈≈≈≈≈≈≈≈...######..≈≈≈≈≈≈≈#
≈≈≈≈≈≈≈≈≈....##≈....#.≈≈≈≈≈≈≈#
≈≈≈≈...<....##≈...#(.#)≈≈≈≈≈≈#
≈≈..........#≈Hm#(≈≈≈≈#†≈≈≈≈≈#
≈≈..#.......#≈m≈@#≈≈#≈#≈≈≈≈≈≈#
≈≈.##.......#≈HmH##m≈≈#≈≈≈≈≈≈#
≈≈.##.......#≈.mmm≈#≈≈#≈≈≈≈≈≈#
≈≈..........#≈#m≈≈≈≈≈≈#≈≈≈≈≈≈#
≈≈≈≈≈≈......##≈#....≈##≈≈≈≈≈≈#
...≈≈≈≈...#..##≈≈≈≈≈##≈≈≈≈≈≈≈#
....≈≈^≈≈.#...#######≈≈≈≈≈≈≈≈#
....≈≈≈..........≈≈≈≈≈≈≈≈≈≈≈≈#
#....≈≈.....###...≈≈≈≈≈≈≈≈≈≈≈#


You could see a merfolk avatar, 2 merfolk impalers, 2 merfolk javelineers, a
merfolk aquamancer, a water nymph and 3 harpies.

Vanquished Creatures
  Polyphemus (Shoals:2)
  Gastronok (D:8)
  Frances (Swamp:1)
  An azure jelly (Swamp:4)
  Louise (Depths:1)
  A very ugly thing (Depths:1)
  4 dire elephants (Lair:6)
  3 spark wasps (Depths:1)
  A merfolk javelineer (Shoals:3)
  Snorg (D:9)
  3 eleionomae
  4 merfolk impalers
  Josephine (Orc:1)
  A rakshasa (Depths:1)
  3 vault guards (D:14)
  4 hydras
  Erolcha (D:10)
  An ice dragon (Swamp:4)
  A ghost crab (Swamp:4)
  3 boulder beetles
  A centaur warrior (D:15)
  7 alligators
  Erica (Lair:2)
  17 two-headed ogres
  A merfolk avatar (Shoals:4)
  A tengu warrior (D:15)
  A merfolk aquamancer (Shoals:4)
  A queen ant (Lair:2)
  An anaconda (Lair:6)
  9 death yaks
  A deep troll shaman (D:15)
  The ghost of happy the Covert, a journeyman SpEn of Ru (Lair:6)
  4 ogre magi
  A deep troll earth mage (D:9)
  A satyr (Shoals:3)
  A hell hog (Volcano)
  Urug (D:11)
  Sonja (Orc:1)
  5 goliath frogs
  Nergalle (D:12)
  A fire crab (shapeshifter) (Depths:1)
  An iron troll (D:15)
  A spriggan druid (Swamp:2)
  2 swamp dragons (Swamp:2)
  9 sea snakes
  4 deep trolls (Depths:1)
  2 unseen horrors
  3 wizards
  4 bog bodies
  An orc sorcerer (D:15)
  3 deep elf magi
  12 harpies
  2 orc knights
  16 ugly things
  5 slime creatures
  2 will-o-the-wisps (Swamp:3)
  6 fauns (Shoals:1)
  9 manticores
  2 salamanders (Volcano)
  9 cyclopes
  3 merfolk sirens
  4 water nymphs
  7 elephants
  Maggie (D:6)
  A gargoyle (D:13)
  2 black mambas
  A torpor snail (Lair:3)
  Psyche (D:9)
  2 rime drakes
  8 cane toads
  2 yaktaurs
  11 komodo dragons
  4 freezing wraiths (Swamp:4)
  A bloated husk (Swamp:4)
  A polar bear (Lair:6)
  A queen bee (Lair:3)
  3 trolls
  20 merfolk
  4 wind drakes
  7 tyrant leeches
  Grinder (D:3)
  5 hornets
  A wolf spider simulacrum (D:15)
  4 blink frogs
  8 dream sheep
  2 snapping turtles
  2 shadows (D:12)
  5 wyverns
  Sigmund (D:6)
  2 vampires
  5 wraiths
  42 yaks
  13 humans (D:14)
  3 basilisks
  5 water elementals (Depths:1)
  3 spriggans
  9 vampire mosquitoes
  4 swamp worm simulacra (Swamp:4)
  2 two-headed ogre zombies (D:12)
  13 swamp worms
  An acid dragon (D:15)
  A warg (Orc:2)
  7 soldier ants
  11 water moccasins
  8 orc warriors
  8 hydra simulacra (Swamp:4)
  2 hell hounds (Volcano)
  2 swamp drakes
  2 ice beasts
  3 sky beasts
  2 black bears
  2 eyes of draining
  A hornet zombie (D:3)
  3 phantoms
  A necrophage (D:9)
  27 ogres
  9 wolves
  9 centaurs
  2 big kobolds
  Blork the orc (D:3)
  13 bullfrogs
  A gnoll sergeant (D:7)
  A water moccasin zombie (D:9)
  A wyvern skeleton (D:6)
  3 scorpions
  A hornet simulacrum (D:15)
  2 troll zombies (D:12)
  A water moccasin skeleton (D:4)
  18 killer bees
  15 wights
  4 howler monkeys
  An electric eel (Lair:3)
  3 centaur zombies
  A crimson imp (D:5)
  3 bullfrog zombies
  2 quasits (D:9)
  2 human zombies (Ossuary)
  9 hounds
  6 centaur skeletons
  11 orc priests
  14 jellies
  A bullfrog skeleton (D:11)
  Jessica (D:1)
  3 iguanas
  21 orc wizards
  Natasha (thrice) (D:3)
  Terence (D:2)
  4 hell rats (Lair:6)
  31 worker ants
  3 ogre zombies (D:12)
  2 big kobold zombies (Ossuary)
  A bullfrog simulacrum (D:9)
  6 mummies
  3 howler monkey zombies
  10 gnolls
  8 adders
  A shadow imp (D:5)
  5 white imps
  2 ufetubi
  3 oozes
  4 swamp drake simulacra (Swamp:4)
  2 adder skeletons
  3 worms
  A dart slug (D:3)
  5 leopard geckos
  66 orcs
  A ball python (D:1)
  13 bats
  4 giant cockroaches
  10 goblins
  6 hobgoblins
  12 jackals
  17 kobolds
  4 quokkas
  6 frilled lizards
  A gnoll zombie (Ossuary)
  A goblin skeleton (D:12)
  4 goblin zombies
  5 hobgoblin zombies
  A jackal skeleton (D:5)
  A kobold zombie (D:4)
  2 orc skeletons (D:12)
  12 orc zombies (D:12)
  4 rats
  2 briar patches (Swamp:4)
912 creatures vanquished.

Vanquished Creatures (collateral kills)
  A thorn hunter (Swamp:4)
  A stone giant (Depths:1)
  A spark wasp (Depths:1)
  A bunyip (Swamp:4)
  A dire elephant (Lair:6)
  A merfolk javelineer (Shoals:3)
  An eleionoma (Swamp:1)
  A vault guard (D:14)
  A boulder beetle (D:14)
  2 ice dragons (Swamp:4)
  2 ghost crabs
  2 catoblepae
  5 hydras
  2 merfolk avatars
  An anaconda (Lair:6)
  2 two-headed ogres (Orc:2)
  A centaur warrior (D:14)
  An ogre mage (Orc:2)
  A tengu warrior (D:15)
  2 alligators
  2 death yaks
  A deep troll earth mage (Depths:1)
  A goliath frog (Swamp:4)
  A spriggan (Swamp:3)
  An iron troll (Depths:1)
  3 sea snakes
  A bog body (Swamp:2)
  A deep troll (Depths:1)
  A lindwurm (Lair:6)
  3 necromancers
  4 harpies
  A shining eye (shapeshifter) (Depths:1)
  2 ugly things (Depths:1)
  A deep elf mage (D:15)
  2 salamanders (Volcano)
  3 fauns (Shoals:1)
  3 will-o-the-wisps
  3 elephants (Lair:6)
  2 manticores
  Joseph (D:8)
  A merfolk siren (Shoals:1)
  2 centaur zombies
  A water nymph (Shoals:3)
  A gargoyle (D:10)
  A torpor snail (Lair:6)
  A centaur skeleton (D:14)
  A cane toad (Lair:6)
  3 komodo dragons
  A yaktaur (D:14)
  6 merfolk
  A troll (Orc:2)
  A polar bear (Lair:2)
  5 dream sheep (Shoals:1)
  2 tyrant leeches
  A slime creature (D:14)
  2 blink frogs
  A meliai zombie (D:15)
  3 snapping turtles
  2 wind drakes
  2 wraiths
  A hornet (Swamp:3)
  A water elemental (Shoals:3)
  16 yaks
  A fire bat (Volcano)
  3 humans (D:14)
  3 basilisks
  A steam dragon (D:13)
  Menkaure (D:7)
  A warg (Orc:1)
  3 swamp worms (Swamp:2)
  4 hydra simulacra (Swamp:4)
  2 soldier ants (Lair:2)
  2 water moccasins (Lair:6)
  5 orc warriors
  A swamp drake (Swamp:1)
  A phantom (D:14)
  A sky beast (D:15)
  7 ogres
  5 wolves
  6 bullfrogs
  A troll zombie (D:12)
  A killer bee (D:12)
  5 wights
  An electric eel (Lair:3)
  3 jellies
  A quasit (D:7)
  3 orc priests
  5 orc wizards
  7 worker ants
  A howler monkey zombie (D:7)
  6 gnolls
  2 shadow imps (D:8)
  A white imp (D:10)
  An adder zombie (D:8)
  11 orcs
  A goblin skeleton (D:12)
  An orc skeleton (D:12)
  2 orc zombies (D:12)
  A quokka skeleton (D:10)
  2 briar patches (Swamp:4)
226 creatures vanquished.

Vanquished Creatures (others)
  A thorn hunter (Swamp:2)
  A bunyip (Swamp:4)
  An eleionoma (Swamp:1)
  An ugly thing (D:11)
  A naga mage (D:15)
  3 bloated husks
  A meliai zombie (D:15)
  A swamp worm (Swamp:4)
  A centaur (Volcano)
  36 battlemagi
  A kobold (D:9)
  10 foxfires
  13 fungi
  59 plants
130 creatures vanquished.

Grand Total: 1268 creatures vanquished

Notes
Turn   | Place    | Note
-------+----------+-------------------------------------------
     0 | D:1      | Riddle the Draconian Monk began the quest for the Orb.
     0 | D:1      | Reached XP level 1. HP: 19/19 MP: 1/1
    58 | D:1      | Reached XP level 2. HP: 24/26 MP: 2/2
   346 | D:1      | Reached XP level 3. HP: 30/31 MP: 3/3
   481 | D:2      | Noticed Jessica
   505 | D:1      | Killed Jessica
   711 | D:1      | Reached XP level 4. HP: 38/38 MP: 4/4
  1055 | D:2      | Reached skill level 5 in Dodging
  1331 | D:1      | Reached XP level 5. HP: 6/45 MP: 5/5
  1790 | D:2      | Noticed Terence
  1848 | D:2      | Killed Terence
  2178 | D:3      | Noticed Natasha
  2189 | D:3      | Killed Natasha
  2189 | D:3      | Reached skill level 1 in Shields
  2662 | D:3      | Noticed Grinder
  2723 | D:3      | Found a stormy altar of Qazlal.
  2725 | D:3      | Paralysed by Grinder for 4 turns
  2770 | D:3      | Killed Grinder
  2770 | D:3      | Reached XP level 6. HP: 51/51 MP: 6/6
  2847 | D:3      | Found a white marble altar of Elyvilon.
  2900 | D:3      | Noticed Natasha
  2915 | D:3      | Killed Natasha
  3212 | D:3      | Your scales start taking on a dull iron-grey colour.
  3212 | D:3      | Reached XP level 7. HP: 57/57 MP: 7/7
  3212 | D:3      | Gained mutation: You can survive without breathing. [Grey
                  | Draconian growth]
  3259 | D:3      | Noticed Natasha
  3269 | D:3      | Killed Natasha
  3339 | D:3      | Reached skill level 5 in Shields
  3684 | D:4      | Noticed Blork the orc
  3713 | D:3      | Killed Blork the orc
  3917 | D:4      | Reached skill level 5 in Fighting
  3959 | D:4      | Found a sand-covered staircase.
  3971 | Ossuary  | Entered an ossuary
  4276 | Ossuary  | Reached XP level 8. HP: 63/69 MP: 8/8
  4847 | D:4      | Found a glowing silver altar of Zin.
  4934 | D:5      | Entered Level 5 of the Dungeon
  5504 | D:5      | Found a bloodstained altar of Trog.
  5669 | D:5      | Got an encrusted spear
  5741 | D:5      | Identified the +11 spear of Ru's Esteem {flame, MP-9 Str+4
                  | Dex+6 Stlth+} (You found it on level 5 of the Dungeon)
  5852 | D:5      | Found a hazy altar of Hepliaklqana.
  5859 | D:5      | Found a snail-covered altar of Cheibriados.
  5865 | D:5      | Found a basalt altar of Yredelemnul.
  5865 | D:5      | Found an iron altar of Okawaru.
  5865 | D:5      | Found a broken altar of Ashenzari.
  5866 | D:5      | Found a sacrificial altar of Ru.
  5867 | D:5      | Found an ornate altar of the Wu Jian Council.
  5882 | D:5      | Became a worshipper of Hepliaklqana the Forgotten
  5882 | D:5      | Reached * piety under Hepliaklqana
  5882 | D:5      | Reached ** piety under Hepliaklqana
  5883 | D:5      | Remembered your ancestor Synnove as a battlemage
  5973 | D:5      | Found a burning altar of Makhleb.
  5974 | D:5      | Found a shimmering altar of Xom.
  6051 | D:6      | Noticed Sigmund
  6058 | D:6      | Killed Sigmund
  6058 | D:6      | Reached skill level 1 in Polearms
  6160 | D:6      | Reached XP level 9. HP: 71/71 MP: 0/9
  6173 | D:6      | Noticed Maggie
  6185 | D:6      | Killed Maggie
  6586 | D:6      | Found a staircase to the Ecumenical Temple.
  6675 | Temple   | Entered the Ecumenical Temple
  6895 | D:7      | Noticed Menkaure
  6902 | D:7      | Killed Menkaure
  7658 | D:7      | Reached skill level 5 in Polearms
  7800 | D:8      | Noticed Joseph
  7809 | D:8      | Killed Joseph
  7809 | D:8      | Reached XP level 10. HP: 81/81 MP: 1/10
  7832 | D:8      | Noticed Gastronok
  7865 | D:8      | Killed Gastronok
  7865 | D:8      | Reached skill level 10 in Fighting
  7865 | D:8      | Reached skill level 10 in Shields
  8179 | D:8      | Reached *** piety under Hepliaklqana
  8653 | D:9      | Found an iron altar of Okawaru.
  8658 | D:9      | Noticed a two-headed ogre
  8669 | D:9      | Killed a two-headed ogre
  8723 | D:9      | Found a staircase to the Lair.
  8790 | D:9      | Reached XP level 11. HP: 90/90 MP: 2/11
  9235 | D:10     | Entered Level 10 of the Dungeon
  9261 | D:10     | Noticed a deep elf mage
  9288 | D:10     | Noticed Snorg
  9291 | D:10     | Noticed Psyche
  9390 | D:9      | Noticed a harpy
  9390 | D:9      | Noticed a deep troll earth mage
  9393 | D:9      | Noticed an ogre mage
  9469 | D:9      | Killed a deep troll earth mage
  9744 | D:9      | Killed a harpy
  9766 | D:9      | Killed an ogre mage
  9975 | D:10     | Noticed an unseen horror
  9987 | D:9      | Killed Snorg
 10227 | D:9      | Killed a deep elf mage
 10229 | D:9      | Killed Psyche
 10239 | D:10     | Killed an unseen horror
 10272 | D:10     | Found a runed translucent door.
 10298 | D:10     | Noticed Erolcha
 10306 | D:10     | Killed Erolcha
 10464 | D:10     | Noticed a frost giant
 10465 | D:10     | Found a transporter.
 10465 | D:10     | Noticed a deep troll earth mage
 10467 | D:10     | Noticed a red ugly thing
 10469 | D:10     | Found a transporter.
 10654 | D:10     | Reached XP level 12. HP: 100/100 MP: 3/12
 10717 | D:11     | Reached **** piety under Hepliaklqana
 10956 | D:11     | Noticed Urug
 11006 | D:11     | Found a gate leading to a gauntlet.
 11010 | Gauntlet | Entered a Gauntlet
 11010 | Gauntlet | Found a transporter.
 11010 | Gauntlet | Found a runed translucent door.
 11010 | Gauntlet | Found a runed translucent door.
 11010 | Gauntlet | Found a transporter.
 11010 | Gauntlet | Found a transporter.
 11020 | Gauntlet | Found a transporter.
 11020 | Gauntlet | Noticed a catoblepas
 11023 | Gauntlet | Found a transporter.
 11034 | Gauntlet | Found a transporter.
 11036 | Gauntlet | Found a transporter.
 11043 | Gauntlet | Found a transporter.
 11056 | Gauntlet | Noticed a death scarab
 11057 | Gauntlet | Noticed a death scarab
 11060 | Gauntlet | Found a transporter.
 11065 | Gauntlet | Found a transporter.
 11068 | Gauntlet | Found a transporter.
 11079 | Gauntlet | Found a transporter.
 11242 | Gauntlet | Got a vibrating tin ring
 11247 | Gauntlet | Identified the ring of Mippuwk {rN+ Dex+2 SInv} (You found
                  | it in a Gauntlet)
 11597 | Gauntlet | Got an ancient bone ring
 11641 | Gauntlet | Identified the ring "Otaodax" {*Drain rC+ rN++ MR+ Stlth+}
                  | (You found it in a Gauntlet)
 11668 | Gauntlet | Noticed a minotaur
 11927 | D:11     | Reached skill level 10 in Polearms
 11941 | D:11     | Killed Urug
 12096 | D:11     | Noticed a boulder beetle
 12115 | D:11     | Killed a boulder beetle
 12412 | D:12     | Noticed Nergalle
 12419 | D:12     | Killed Nergalle
 12434 | D:12     | Found a staircase to the Orcish Mines.
 13403 | D:12     | Reached ***** piety under Hepliaklqana
 13408 | D:12     | Found a runed translucent door.
 13413 | D:12     | Noticed 1994's ghost (journeyman OgBr)
 13487 | D:12     | Got a clouded granite ring
 13770 | D:13     | Reached XP level 13. HP: 102/110 MP: 4/13
 13888 | D:13     | Identified the ring "Xouho" {*Tele MR+ Str+2} (You found it
                  | on level 12 of the Dungeon)
 13952 | D:13     | Found a transporter.
 13959 | D:13     | Found a transporter.
 13982 | D:13     | Noticed Gouf's ghost (journeyman SpEn)
 13998 | D:13     | Got a crude helmet
 14056 | D:13     | Found a glowing golden altar of the Shining One.
 14286 | D:14     | Found a basalt altar of Yredelemnul.
 14507 | D:14     | Got a slimy rapier
 14508 | D:14     | Identified the +2 rapier "Yleut" {drain, MP+9 Str+2} (You
                  | found it on level 14 of the Dungeon)
 15248 | D:14     | Found a gate to the Vaults.
 15571 | D:14     | Found Hioc's Antique Weapon Shoppe.
 15833 | D:15     | Entered Level 15 of the Dungeon
 15959 | D:15     | Reached skill level 15 in Fighting
 15959 | D:15     | Reached XP level 14. HP: 119/121 MP: 5/14
 16138 | D:15     | Paralysed by an orc sorcerer for 6 turns
 16286 | D:15     | Found a staircase to the Depths.
 16800 | Lair:1   | Entered Level 1 of the Lair of Beasts
 17362 | Lair:2   | Found a sparkling altar of Nemelex Xobeh.
 17416 | Lair:2   | You fall into a shaft and drop 2 floors!
 17426 | Lair:4   | Got a pitted cloak
 17434 | Lair:4   | Identified the +2 cloak of Wu Jian's Envy {rElec Str+4
                  | Stlth-} (You found it on level 4 of the Lair of Beasts)
 18713 | Lair:5   | Reached ****** piety under Hepliaklqana
 19178 | Lair:5   | Identified a +0 pair of boots of running (You found it on
                  | level 5 of the Lair of Beasts)
 19193 | Lair:6   | Entered Level 6 of the Lair of Beasts
 19201 | Lair:5   | Reached skill level 15 in Shields
 19978 | Lair:6   | Found a transporter.
 20039 | Lair:6   | Found a staircase to the Slime Pits.
 20503 | Lair:6   | Found a transporter.
 20503 | Lair:6   | Noticed happy's ghost (journeyman SpEn)
 20523 | Lair:6   | Reached XP level 15. HP: 129/129 MP: 6/15
 21238 | Lair:6   | Killed happy's ghost
 21502 | Lair:3   | Found a staircase to the Swamp.
 21816 | Lair:3   | Identified a scroll of acquirement
 21816 | Lair:3   | Acquired 1173 gold pieces
 22162 | Lair:3   | Found a stormy altar of Qazlal.
 22996 | Lair:2   | Noticed Erica
 23010 | Lair:2   | Killed Erica
 23704 | Lair:2   | Found a staircase to the Shoals.
 24089 | Orc:1    | Entered Level 1 of the Orcish Mines
 24261 | Orc:1    | Found Ysoo's General Store.
 24269 | Orc:1    | Bought a scroll of fear for 49 gold pieces
 24269 | Orc:1    | Bought a potion of heal wounds for 70 gold pieces
 24287 | Orc:2    | Entered Level 2 of the Orcish Mines
 24287 | Orc:2    | Found a staircase to the Elven Halls.
 24305 | Orc:2    | Found Jyse's Distillery.
 24410 | Orc:1    | Noticed Josephine
 24417 | Orc:1    | Killed Josephine
 24452 | Orc:1    | Noticed Sonja
 24465 | Orc:1    | Found a dark tunnel.
 24470 | Volcano  | Entered a volcano
 24780 | Volcano  | Reached skill level 15 in Polearms
 24849 | Volcano  | Got a scorched hat
 24873 | Volcano  | Identified the +1 hat of the Barracuda {Rampage rElec Dex-3
                  | SInv} (You found it in a volcano)
 24932 | Orc:1    | Killed Sonja
 25361 | Orc:2    | Bought a potion of heal wounds for 75 gold pieces
 25361 | Orc:2    | Bought a potion of heal wounds for 75 gold pieces
 25361 | Orc:2    | Bought a potion of heal wounds for 75 gold pieces
 25361 | Orc:2    | Bought a potion of curing for 45 gold pieces
 25361 | Orc:2    | Bought a potion of curing for 45 gold pieces
 25475 | Orc:2    | Reached XP level 16. HP: 119/139 MP: 5/16
 26164 | Orc:2    | Found Patwuarch's Assorted Antiques.
 26164 | Orc:2    | Found Jalin's Gadget Boutique.
 26165 | Orc:2    | Found Ydaob's Weapon Boutique.
 26165 | Orc:2    | Found Siana's Book Shoppe.
 26176 | Orc:2    | Bought the +7 great mace "Firestarter" {inner flame, rF++}
                  | for 1708 gold pieces
 26176 | Orc:2    | Found the +7 great mace "Firestarter" {inner flame, rF++}
 26583 | Depths:1 | Entered Level 1 of the Depths
 26583 | Depths:1 | Found a gateway to Hell.
 27443 | Depths:1 | Reached skill level 1 in Maces & Flails
 27840 | Depths:1 | Reached skill level 5 in Maces & Flails
 28134 | Depths:1 | Acquired a manual of Shields
 28153 | Depths:1 | Noticed Louise
 28167 | Depths:1 | Killed Louise
 28170 | Depths:1 | Found a one-way gate to the infinite horrors of the Abyss.
 29798 | Depths:2 | Found a gateway to a ziggurat.
 30197 | Swamp:1  | Entered Level 1 of the Swamp
 31169 | Swamp:1  | Noticed Frances
 31181 | Swamp:1  | Killed Frances
 31600 | Swamp:2  | Noticed a thorn hunter
 31614 | Swamp:2  | Killed a thorn hunter
 31614 | Swamp:2  | Reached XP level 17. HP: 133/148 MP: 6/17
 33056 | Swamp:4  | Entered Level 4 of the Swamp
 35311 | Swamp:4  | Got a decaying rune of Zot
 35576 | Shoals:1 | Entered Level 1 of the Shoals
 36752 | Shoals:2 | Found Mehiw's General Store.
 36861 | Shoals:2 | Noticed Polyphemus
 36887 | Shoals:2 | Killed Polyphemus
 37475 | Shoals:2 | Bought a scroll of teleportation for 63 gold pieces
 37598 | Shoals:3 | Reached XP level 18. HP: 112/158 MP: 9/18
 38763 | Shoals:4 | Entered Level 4 of the Shoals
 39222 | Shoals:4 | Slain by a merfolk impaler

Illustrated notes

Levels and vault maps discovered:
D:1:      psy_arrival_dodecagon, layout_rooms
D:2:      layout_rooms, uniq_terence, uniq_jessica
D:3:      layout_basic, lemuel_crystal_altar, grunt_qazlal_sundering,
          uniq_natasha, uniq_grinder
D:4:      layout_rooms, kennysheep_mini, nicolae_ossuary_entry_giza,
          minmay_quantized, uniq_blork_the_orc
D:5:      layout_rooms, grunt_temple_overflow_champion_of_chaos, bloody_trog,
          minitemple
D:6:      layout_loops_ring, minmay_temple_entry_enclosed_plants, uniq_maggie,
          uniq_sigmund
D:7:      layout_loops_cross, supply_closet_lemuel, kennysheep_generic_room_16,
          uniq_menkaure
D:8:      layout_cave_pods, uniq_gastronok, uniq_joseph
D:9:      minmay_klotski, layout_loops_cross, david_lair_generic,
          okawaru_metal_pillars_1_2
D:10:     gammafunk_sealed_arena, layout_rooms, minmay_st_funbox, st_stairs_10,
          uniq_erolcha, uniq_psyche, uniq_snorg
D:11:     layout_loops_cross, gauntlet_entry_generic, lemuel_flame_loot_1,
          uniq_urug
D:12:     layout_basic, zombieorc2_lemuel, ebering_ghost_inner_flame,
          uniq_nergalle
D:13:     layout_cave_pools, gammafunk_ghost_stat_death, tso_metal_star
D:14:     layout_loops_cross, grunt_vaults_entry_tiered,
          yredelemnul_altar_generic, serial_shops, nicolae_shop_window_shopping,
          hangedman_abyss_or_decor_jellyfish_corner, eino_tiny_chamber
D:15:     grunt_enter_depths_magical_seal, layout_rooms, corexii_hall_statues_s
Temple:   nicolae_temple_figure_zero
Lair:1:   layout_loops_ring, chequers_serial_rivers_large_a
Lair:2:   layout_small_grid, elwin_shoals_entry_rocks, basic_altar,
          minmay_another_anthill, uniq_erica
Lair:3:   layout_concentric_octagons, nicolae_swamp_entry_splash_gauntlet,
          basic_altar, special_room [special_room_bee],
          infiniplex_staircase_pool
Lair:4:   layout_gridlike, grunt_megastairs_3
Lair:5:   layout_layer_cave
Lair:6:   due_jungle_book, layout_loops_ring, minmay_slime_entry_jelly_boxes,
          gammafunk_ghost_arena, serial_bayou_shore_b, grunt_megastairs_1
Swamp:1:  layout_basic_swamp, hangedman_swamp_ruin_wall, uniq_frances
Swamp:2:  layout_basic_swamp, serial_swamp_ruin, evilmike_swamp_ruin_rubble_2,
          evilmike_swamp_ruin_house_5, evilmike_swamp_ruin_house_3
Swamp:3:  layout_basic_swamp, hangedman_swamp_pad
Swamp:4:  swamp_icy, layout_basic_swamp
Shoals:1: layout_shoals
Shoals:2: layout_shoals, serial_shops, shop, nicolae_shoals_dead_sea_scrolls,
          uniq_polyphemus
Shoals:3: layout_shoals
Shoals:4: shoals_end_hangedman, layout_shoals
Orc:1:    layout_diamond_mine, serial_shops, shop, enter_volcano_4, uniq_sonja,
          uniq_josephine
Orc:2:    st_orc_ogre_mass, layout_caves, serial_shops, shop
Depths:1: layout_gridlike, nicolae_abyss_entry_one_way_or_another, hell_entry,
          fountainhead, kennysheep_generic_room_3
Depths:2: nooodl_glass_maze, layout_cross, enter_ziggurat_e,
          pf_hell_entry_tar_spiral, chequers_serial_rivers_small_a,
          grunt_ministairs_10, minmay_protected_statue

Skill      XL: |  1  2  3  4  5  6  7  8  9 10 11 12 13 14 15 16 17 18 |
---------------+-------------------------------------------------------+-----
Dodging        | 3 4 5 |  5.7
Shields        | 4 6 7 9 10 11 13 14 15 16 17 19 | 19.7
Fighting       | 5 7 9 10 12 13 15 16 17 18 19 | 19.5
Polearms       | 1 5 7 9 11 12 13 15 16 17 | 17.2
Maces & Flails | 7 |  7.7
Long Blades    | |  3.0
Stealth        | |  1.7

Action                   |  1- 3 |  4- 6 |  7- 9 | 10-12 | 13-15 | 16-18 || total
-------------------------+-------+-------+-------+-------+-------+-------++-------
Melee: Falchion          |    80 |   218 |   499 |       |       |       ||   797
       Tailslap          |     8 |    29 |   112 |   100 |   332 |   305 ||   886
       Unarmed           |       |    10 |       |       |       |       ||    10
       Spear             |       |       |   136 |   625 |  1501 |  1411 ||  3673
Throw: Dart              |       |       |       |     1 |       |       ||     1
Invok: Ancestor Life: Ba |       |       |     1 |       |       |       ||     1
       Recall Ancestor   |       |       |       |       |    12 |     5 ||    17
  Use: Scroll            |       |       |     1 |    15 |    22 |    16 ||    54
       Potion            |       |       |       |     1 |     1 |     7 ||     9
 Stab: Sleeping          |       |     3 |    13 |    21 |    42 |    19 ||    98
       Confused          |       |     1 |       |       |       |       ||     1
       Distracted        |       |       |     3 |     9 |    16 |    19 ||    47
Armor: Skin              |    21 |    38 |    79 |    39 |   107 |   169 ||   453
Dodge: Dodged            |    75 |    92 |   101 |    88 |   156 |   235 ||   747
Block: Other             |     6 |    22 |       |       |       |       ||    28
       Tower shield      |       |   127 |   518 |   394 |   824 |   989 ||  2852
       Reflection        |       |     3 |    11 |    24 |    15 |    53 ||   106
       Rpst.: Falchion   |    19 |    23 |    30 |       |       |       ||    72

Table legend: (Time is in decaauts)
 A = Elapsed time spent in this place.
 B = Non-inter-level travel time spent in this place.
 C = Inter-level travel time spent in this place.
 D = Time resting spent in this place.
 E = Time spent auto-exploring this place.
 F = Levels seen in this place.
 G = Mean time per level.
                   A        B        C        D        E       F      G
               +--------+--------+--------+--------+--------+-----+--------+
         Total |  37365 |  35386 |   1979 |   7805 |  19929 |  37 | 1009.9 |
       Dungeon |  16293 |  15431 |    862 |   3254 |   8242 |  15 | 1086.2 |
        Temple |    117 |    108 |      9 |      0 |    107 |   1 |  117.0 |
          Lair |   6758 |   6142 |    616 |    501 |   4602 |   6 | 1126.3 |
         Swamp |   4905 |   4766 |    139 |   1269 |   2804 |   4 | 1226.2 |
        Shoals |   3391 |   3198 |    193 |      0 |   2585 |   4 |  847.8 |
  Orcish Mines |   1755 |   1675 |     80 |    618 |    544 |   2 |  877.5 |
        Depths |   2513 |   2436 |     77 |   1497 |    662 |   2 | 1256.5 |
       Ossuary |    553 |    553 |      0 |     93 |    238 |   1 |  553.0 |
       Volcano |    406 |    406 |      0 |    244 |      0 |   1 |  406.0 |
      Gauntlet |    670 |    670 |      0 |    327 |    143 |   1 |  670.0 |
               +--------+--------+--------+--------+--------+-----+--------+

Top non-repeatable levels by time:
Depths:1: 2507 daAuts
 Swamp:4: 2267 daAuts
     D:1: 1743 daAuts
     D:9: 1578 daAuts
    D:14: 1571 daAuts
  Lair:6: 1527 daAuts
  Lair:5: 1339 daAuts
    D:12: 1278 daAuts
    D:15: 1271 daAuts
  Lair:2: 1217 daAuts
  Lair:3: 1211 daAuts
Shoals:3: 1207 daAuts
     D:3: 1159 daAuts
    D:11: 1078 daAuts
 Swamp:1: 1030 daAuts
